 Dungeon Crawl Stone Soup version 0.19.5 (webtiles) character file.

290 JeffiDaFish the Cudgeler (level 6, -6/38 HPs)
             Began as a Gargoyle Fighter on Apr 1, 2017.
             Mangled by an iguana (9 damage)
             ... on level 4 of the Dungeon.
             The game lasted 00:04:25 (2258 turns).

JeffiDaFish the Cudgeler (Gargoyle Fighter)         Turns: 2258, Time: 00:04:25

Health: -6/38      AC: 12    Str: 19    XL:     6   Next: 32%
Magic:  6/6        EV:  7    Int:  9    God:
Gold:   231        SH:  9    Dex: 11    Spells: 0 memorised, 5 levels left

rFire  + . .     SeeInvis .     a - +1 flail
rCold  . . .     Gourm    .     b - +0 scale mail
rNeg   + . .     Faith    .     c - +0 shield
rPois  ∞         Spirit   .     h - +0 helmet
rElec  +         Reflect  .     (no cloak)
rCorr  .         Harm     .     (no gloves)
MR     +....                    (no boots)
Stlth  ..........               (no amulet)
                                (no ring)
                                j - +5 ring of slaying

@: no status effects
A: fire resistance 1, magic resistance 1, negative energy resistance 1,
regeneration 1, electricity resistance, unbreathing, evolution 1, petrification
resistance, rot immunity, AC +4
a: no special abilities


You were on level 4 of the Dungeon.
You were not hungry.

You visited 1 branch of the dungeon, and saw 4 of its levels.

You collected 231 gold pieces.

Inventory:

Hand Weapons
 a - a +1 flail (weapon)
Armour
 b - a +0 scale mail (worn)
 c - a +0 shield (worn)
 h - a +0 helmet (worn)
Jewellery
 j - a +5 ring of slaying (left hand)
Wands
 p - a wand of heal wounds (2/9)
Scrolls
 l - a scroll of teleportation
 n - 2 scrolls of identify
Potions
 d - 3 potions of might
 e - a potion of cure mutation
 o - a potion of curing
Comestibles
 f - a bread ration
 g - 2 meat rations
 i - 2 chunks of flesh
 k - a beef jerky
 m - 4 fruits


   Skills:
 + Level 4.2 Fighting
 + Level 4.5 Maces & Flails
 + Level 4.2 Armour
 + Level 0.7 Dodging
 + Level 0.5 Stealth
 + Level 4.2 Shields


You had 5 spell levels left.
You didn't know any spells.

Dungeon Overview and Level Annotations

Branches:
Dungeon (4/15)
 Temple: D:4-7

Altars:
Nemelex Xobeh


Innate Abilities, Weirdness & Mutations

You are resistant to torment.
Your stone body is resilient. (AC +4)
You are immune to poison.
You resist negative energy. (rN+)
You are resistant to electric shocks. (rElec)
You can survive without breathing.
You are immune to petrification.
You are immune to rotting.
Your flesh is heat resistant. (rF+)
You are resistant to hostile enchantments. (MR+)
Your natural rate of healing is unusually fast.
You evolve.


Message History

The orc barely misses you. You block the orc's attack.
You block the iguana's attack. The orc barely misses you.
Things that are here:
a hand axe; an orc corpse x2
You hit the iguana.
The iguana is moderately wounded.
You block the orc's attack. The iguana bites you.
* * * LOW HITPOINT WARNING * * *
The orc barely misses you.
An orc and an orc priest come into view.
The orc priest shouts!
The orc shouts!
You hit the iguana but do no damage.
The iguana is moderately wounded.
You block the orc's attack. The iguana bites you.
* * * LOW HITPOINT WARNING * * *
The orc hits you with a short sword.
* * * LOW HITPOINT WARNING * * *
The iguana bites you!
You die...

..###.............# #.#
....#.########.##.###.#
..#.#.# #.##.....#
......# #.########
...###########.#
#######
........$......#
.......
....#########..#
....... ......
#..##....... ...####
#..)@....... .....
.......loo..<... .#.##
######........o. .#.#
#.....$.o.. #...#####'#
....# # #....# [....#


You could see an iguana, an orc priest and 3 orcs.

Vanquished Creatures
  Eustachio (D:4)
  An orc priest (D:4)
  4 adders
  A worm (D:2)
  3 leopard geckos
  8 orcs
  8 giant cockroaches
  5 goblins
  7 hobgoblins
  8 kobolds
  A quokka (D:3)
  A ball python (D:2)
  6 bats
  4 frilled lizards
  14 rats
72 creatures vanquished.

Notes
Turn   | Place    | Note
-------+----------+-------------------------------------------
     0 | D:1      | JeffiDaFish the Gargoyle Fighter began the quest for the Orb.
     0 | D:1      | Reached XP level 1. HP: 14/14 MP: 1/1
   205 | D:1      | Reached XP level 2. HP: 17/19 MP: 2/2
   397 | D:1      | Found a sparkling altar of Nemelex Xobeh.
   515 | D:1      | Gained mutation: Your natural rate of healing is unusually fast. [potion of mutation]
   515 | D:1      | Gained mutation: You evolve. [potion of mutation]
   515 | D:1      | Gained mutation: You are resistant to hostile enchantments. (MR+) [potion of mutation]
   727 | D:1      | Reached XP level 3. HP: 23/23 MP: 3/3
   988 | D:2      | Reached XP level 4. HP: 28/29 MP: 4/4
  1412 | D:2      | Gained mutation: Your flesh is heat resistant. (rF+) [evolution]
  2100 | D:4      | Reached XP level 5. HP: 33/33 MP: 5/5
  2185 | D:4      | Noticed Eustachio
  2201 | D:4      | Killed Eustachio
  2201 | D:4      | Reached XP level 6. HP: 38/38 MP: 6/6
  2258 | D:4      | Mangled by an iguana

Skill      XL: |  1  2  3  4  5 |
---------------+----------------+-----
Maces & Flails | 3 4 |  4.5
Shields        | 4 |  4.2
Fighting       | 4 |  4.2
Armour         | 4 |  4.2
Dodging        | |  0.7
Stealth        | |  0.5

Action                   |  1- 3 |  4- 6 || total
-------------------------+-------+-------++-------
Melee: Flail             |   121 |   100 ||   221
  Use: Potion            |     4 |       ||     4
       Scroll            |     1 |     5 ||     6
  Eat: Chunk             |     1 |     4 ||     5
Armor: Scale mail        |    80 |    43 ||   123
Dodge: Dodged            |    44 |    21 ||    65
Block: Shield            |    63 |    57 ||   120
